 Dungeon Crawl Stone Soup version 0.22-a0-392-g5dc3fd9 (webtiles) character file.

3062 Leszczynek the Basher (level 9, 43/71 HPs)
             Began as a Mummy Artificer on May 2, 2018.
             Was an Initiate of Gozag.
             Quit the game on level 8 of the Dungeon.
             The game lasted 00:34:07 (6192 turns).

Leszczynek the Basher (Mummy Artificer)             Turns: 6192, Time: 00:34:08

Health: 43/71      AC: 10    Str: 18    XL:     9   Next: 57%
Magic:  19/19      EV: 11    Int: 10    God:    Gozag
Gold:   370        SH:  0    Dex: 13    Spells: 8/8 levels left

rFire    . . .     SeeInvis .   d - wand of enslavement (11)
rCold    + . .     Gourm    .   (no shield)
rNeg     + + +     Faith    .   m - +2 ring mail {MR+}
rPois    ∞         Spirit   .   n - +0 helmet
rElec    .         Reflect  .   v - +0 cloak
rCorr    .         Harm     .   h - +0 pair of gloves
MR       ++...                  (no boots)
Stlth    +.........             (no amulet)
HPRegen  0.21/turn              u - ring of magical power
MPRegen  0.16/turn              w - ring of protection from fire

@: no status effects
A: no food or potions, fire vulnerability, cold resistance 1, negative energy
resistance 3, torment resistance, unbreathing
a: Potion Petition, Call Merchant, Bribe Branch, Renounce Religion


You were on level 8 of the Dungeon.
You worshipped Gozag.
Gozag was aware of your devotion.
You were not hungry.

You visited 1 branch of the dungeon, and saw 8 of its levels.
You also visited: Sewer.

You collected 1134 gold pieces.
You paid 764 gold pieces to Gozag.

Inventory:

Hand Weapons
 a - a +2 whip of electrocution
 b - a +0 hand crossbow
 r - a +0 blowgun
Missiles
 i - 7 tomahawks (quivered)
 q - 36 bolts
Armour
 h - a +0 pair of gloves (worn)
 m - a +2 ring mail of magic resistance (worn)
 n - a +0 helmet (worn)
 v - a +0 cloak (worn)
Jewellery
 u - a ring of magical power (left hand)
 w - a ring of protection from fire (right hand)
Wands
 d - a wand of enslavement (11) (in hand)
 e - a wand of random effects (3)
Scrolls
 f - 2 scrolls of immolation {!r}
 g - a scroll of enchant weapon {unknown}
 j - a scroll of enchant armour {unknown}
 k - a scroll of remove curse {@r2}
 o - a scroll of blinking
 p - 5 scrolls of teleportation {unknown}
 t - 2 scrolls of identify {@r1}


   Skills:
 + Level 6.7 Fighting
   Level 0.7 Short Blades
 * Level 9.7 Maces & Flails
 - Level 1.5 Dodging
 - Level 0.7 Stealth
 - Level 2.4 Evocations


You had 8 spell levels left.
You didn't know any spells.

Dungeon Overview and Level Annotations

Branches:
Dungeon (8/15)             Temple (0/1) D:6
   Lair: D:8-11

Altars:
Cheibriados
Dithmenos
Gozag
Makhleb
Qazlal
Wu Jian

Annotations:
D:5 2ho
D:7 Prince Ribbit


Innate Abilities, Weirdness & Mutations

You do not eat or drink.
Your flesh is vulnerable to fire.
You are immune to poison.
Your flesh is cold resistant. (rC+)
You are immune to negative energy. (rN+++)
You are immune to unholy pain and torment.
You can survive without breathing.


Message History

You swing at nothing.
You swing at nothing.
You swing at nothing.
You swing at nothing.
You swing at nothing.
You swing at nothing.
You swing at nothing.
You swing at nothing.
You swing at nothing.
You swing at nothing.
You swing at nothing.
You swing at nothing.
You swing at nothing.
You swing at nothing.
You swing at nothing.
You swing at nothing.
You swing at nothing.
You swing at nothing.
Key pressed, interrupting command repetition.
Are you sure you want to abandon this character and quit the game? (Confirm with "yes".)

##### ###...# ###### #.+.).#
.....#######.#@..#
#.#.........##### #####
####.#..##(###.##.######...#
........#.## ##.#.#........#
)..#......# #.....####...#
##.###.##.## ##.#.### ##.##
##.# #(##.(###.##.# #.# ##.#
#.#.!....###.#######.####
##.#
#.......................#


There were no monsters in sight!

Vanquished Creatures
  2 hippogriffs
  Sigmund (D:6)
  A hungry ghost (D:8)
  2 orc warriors
  A sky beast (D:8)
  2 ice beasts (D:7)
  A phantom (D:7)
  2 ogres
  2 centaurs (D:8)
  7 bullfrogs
  3 killer bees (D:8)
  A centaur zombie (D:7)
  3 quasits
  2 hounds (D:7)
  2 jellies
  A bullfrog skeleton (D:8)
  An orc priest (D:6)
  A centaur skeleton (D:6)
  Terence (D:2)
  An orc wizard (D:3)
  5 worker ants
  A killer bee zombie (D:7)
  A hound zombie (D:5)
  Robin (D:2)
  A worker ant zombie (D:6)
  3 gnolls
  14 adders
  4 river rats
  2 oozes
  An adder skeleton (D:6)
  2 worms
  4 dart slugs
  5 leopard geckos
  21 orcs
  6 ball pythons
  5 bats
  4 giant cockroaches
  12 goblins
  13 hobgoblins
  2 jackals (D:2)
  22 kobolds
  5 quokkas
  3 frilled lizards
  A quokka skeleton (D:6)
  35 rats
210 creatures vanquished.

Vanquished Creatures (collateral kills)
  An adder (D:2)
1 creature vanquished.

Vanquished Creatures (others)
  A killer bee (D:8)
  An adder (D:2)
  A leopard gecko (D:3)
3 creatures vanquished.

Grand Total: 214 creatures vanquished

Notes
Turn   | Place    | Note
-------+----------+-------------------------------------------
     0 | D:1      | Leszczynek the Mummy Artificer began the quest for the Orb.
     0 | D:1      | Reached XP level 1. HP: 15/15 MP: 2/2
   157 | D:1      | Reached skill level 1 in Maces & Flails
   184 | D:1      | Reached XP level 2. HP: 12/21 MP: 3/3
   241 | D:1      | HP: 4/21 [kobold/short sword (4)]
   254 | D:1      | HP: 4/21 [goblin/club (1)]
   501 | D:1      | Reached skill level 2 in Maces & Flails
   560 | D:1      | Reached XP level 3. HP: 15/26 MP: 4/4
   718 | D:2      | Noticed Robin
  1227 | D:2      | mutual destruction lol
  1238 | D:2      | Noticed Terence
  1284 | D:2      | Killed Terence
  1284 | D:2      | Reached skill level 3 in Maces & Flails
  1284 | D:2      | Reached XP level 4. HP: 28/32 MP: 5/5
  1384 | D:2      | Found a shadowy altar of Dithmenos.
  1615 | D:2      | Killed Robin
  1715 | D:2      | Reached XP level 5. HP: 29/37 MP: 6/6
  1782 | D:2      | Found an ornate altar of the Wu Jian Council.
  1883 | D:3      | Reached skill level 4 in Maces & Flails
  2017 | D:3      | HP: 7/37 [orc/whip (3)]
  2458 | D:3      | Found a stormy altar of Qazlal.
  2583 | D:3      | Found a burning altar of Makhleb.
  2588 | D:3      | hmmm
  2588 | D:3      | makhleb
  2588 | D:3      | fuck it, gimme gozag
  2744 | D:4      | Reached XP level 6. HP: 37/43 MP: 7/7
  2764 | D:4      | Reached skill level 5 in Maces & Flails
  3154 | D:5      | Entered Level 5 of the Dungeon
  3343 | D:5      | Found an opulent altar of Gozag.
  3364 | D:5      | Became a worshipper of Gozag Ym Sagoz the Greedy
  3390 | D:5      | Noticed a two-headed ogre
  3391 | D:5      | XD
  3969 | D:6      | Noticed Sigmund
  3993 | D:6      | HP: 8/43 [something (3)]
  3997 | D:6      | Reached skill level 6 in Maces & Flails
  3997 | D:6      | Reached XP level 7. HP: 29/48 MP: 8/8
  4007 | D:6      | Killed Sigmund
  4113 | D:6      | Reached skill level 7 in Maces & Flails
  4327 | D:6      | Reached skill level 2 in Fighting
  4380 | D:6      | Found a glowing drain.
  4384 | Sewer    | Entered a sewer
  4498 | Sewer    | Reached skill level 3 in Fighting
  4814 | Sewer    | almost 300 gold and an elec whip to boot
  4906 | D:6      | Reached XP level 8. HP: 59/59 MP: 9/9
  4912 | D:6      | Found a staircase to the Ecumenical Temple.
  5059 | D:6      | Reached skill level 4 in Fighting
  5146 | D:7      | Noticed Prince Ribbit
  5154 | D:7      | Noticed a hippogriff
  5293 | D:7      | Reached skill level 8 in Maces & Flails
  5367 | D:7      | Killed a hippogriff
  5367 | D:7      | Reached skill level 5 in Fighting
  5480 | D:7      | lol broad axe
  5480 | D:7      | what now
  5491 | D:7      | meh
  5499 | D:8      | Noticed a two-headed ogre
  5536 | D:8      | Reached XP level 9. HP: 66/68 MP: 10/10
  5692 | D:8      | Reached skill level 6 in Fighting
  5692 | D:8      | Reached skill level 9 in Maces & Flails
  5880 | D:8      | at least this hits
  5900 | D:8      | Noticed a two-headed ogre
  6079 | D:8      | HP: 1/71 [two-headed ogre/giant spiked club (17)]
  6095 | D:8      | Found a snail-covered altar of Cheibriados.
  6192 | D:8      | Quit the game

Vault maps used:
D:1:      giann_horns, serial_forest, infiniplex_forest_end_1,
          infiniplex_forest_clump_small, infiniplex_forest_clump_long,
          infiniplex_forest_clump_cross, infiniplex_forest_straight_2,
          infiniplex_forest_lined_corner, infiniplex_forest_straight_3
D:2:      marbit_many_paths, nicolae_dithmenos_shadow_blocks, uniq_terence,
          uniq_robin, uniq_crazy_yiuf_cottage
D:3:      lemuel_coloured_pillars_altar, nicolae_qazlal_general_emergency
D:4:      first_ration, grunt_ministairs_2, columned_hall_lemuel
D:5:      grunt_gozag_statues
D:6:      temple_hall, gup_sewer_entry_bowl, uniq_sigmund
D:7:      grunt_livestock, uniq_prince_ribbit1
D:8:      cheibriados_altar_1, eino_tiny_chamber
Sewer:    sewer_minmay_treatment

Skill      XL: |  1  2  3  4  5  6  7  8  9 |
---------------+----------------------------+-----
Maces & Flails | 1 2 3 4 6 7 8 9 |  9.7
Fighting       | 3 5 6 |  6.7
Short Blades   | |  0.7
Dodging        | |  1.5
Stealth        | |  0.7
Evocations     | |  2.4

Action                   |  1- 3 |  4- 6 |  7- 9 || total
-------------------------+-------+-------+-------++-------
Melee: Short sword       |    26 |       |       ||    26
       Mace              |   135 |   298 |       ||   433
       Flail             |       |    26 |   230 ||   256
       Whip              |       |       |   158 ||   158
 Fire: Hand crossbow     |       |       |     5 ||     5
Invok: Potion Petition   |       |     1 |     2 ||     3
Evoke: Wand              |    10 |    14 |     7 ||    31
  Use: Scroll            |       |     6 |     2 ||     8
 Stab: Sleeping          |     1 |       |       ||     1
       Distracted        |       |       |     1 ||     1
       Invisible         |       |       |     4 ||     4
Armor: Leather armour    |    49 |       |       ||    49
       Ring mail         |    11 |   145 |   171 ||   327
Dodge: Dodged            |   105 |   180 |   260 ||   545

Table legend:
 A = Spawn XP
 B = Non-spawn XP
 C = Spawn XP percentage of total XP
 D = Spawn monster count
 E = Non-spawn monster count
 F = Spawn count percentage of total count
 G = Total turns spent on level
                    A         B        C        D         E        F      G
               +---------+---------+-------+---------+---------+-------+---------
         Total |       0 |    4375 |   0.0 |       0 |     212 |   0.0 |  6192
               +---------+---------+-------+---------+---------+-------+---------
           D:1 |       0 |      54 |   0.0 |       0 |      31 |   0.0 |   903
           D:2 |       0 |     152 |   0.0 |       0 |      32 |   0.0 |  1153
           D:3 |       0 |     157 |   0.0 |       0 |      26 |   0.0 |   644
           D:4 |       0 |     184 |   0.0 |       0 |       8 |   0.0 |   666
           D:5 |       0 |      74 |   0.0 |       0 |       7 |   0.0 |   595
           D:6 |       0 |     995 |   0.0 |       0 |      24 |   0.0 |   744
           D:7 |       0 |    1150 |   0.0 |       0 |      17 |   0.0 |   467
           D:8 |       0 |    1471 |   0.0 |       0 |      19 |   0.0 |   560
         Sewer |       0 |     138 |   0.0 |       0 |      48 |   0.0 |   460
               +---------+---------+-------+---------+---------+-------+---------
